Map: Curious Minds LE

Players

HeroMarine - Winner!

  • Race: Terran Terran
  • League: Master

Geralt (Gerald)

  • Race: Protoss Protoss
  • League: Grandmaster

Event: DreamHack SC2 Masters Last Chance 2022

VOD

Have the link to the VOD?

Description

Time

  • Played on: Dec. 17, 2021, 1:02 p.m.
  • Length: 6:43

All games in this series

Show
View Real Time Build Order
Export as new Build Order

HeroMarine Terran - Winner!

Build Orders:  

Get SALT Encoding   

  12  0:00  SCV  
  13  0:12  SCV  
  14  0:17  Supply Depot  
  14  0:24  SCV  
  15  0:38  SCV  
  15  0:40  Barracks  
  16  0:43  Refinery  
  16  0:50  SCV  
  17  1:03  SCV  
  18  1:15  SCV  
  19  1:27  Marine  
  19  1:28  Orbital Command  
  20  1:42  Command Center  
  20  1:45  Barracks Reactor  
  20  1:51  Supply Depot  
  20  1:54  SCV  
  21  2:07  SCV  
  22  2:09  Factory  
  22  2:15  Refinery  
  22  2:19  SCV  
  22  2:22  Marine x2  
  25  2:31  SCV  
  26  2:40  Marine x2  
  26  2:43  SCV  
  29  2:54  Starport, Hellion  
  29  2:55  Orbital Command  
  29  2:57  SCV  
  32  3:00  Marine  
  32  3:02  Marine  
  34  3:09  SCV  
  35  3:15  Factory Tech Lab  
  35  3:19  Marine  
  35  3:20  Marine  
  35  3:21  SCV  
  35  3:22  Supply Depot, SCV  
  38  3:30  Starport Tech Lab  
  38  3:33  SCV  
  38  3:34  SCV  
  40  3:36  Marine  
  40  3:38  Siege Tank, Marine  
  45  3:45  SCV  
  45  3:46  SCV  
  46  3:49  Raven  
  46  3:54  Marine  
  48  3:56  Marine  
  48  3:57  SCV  
  48  3:58  SCV  
  51  4:04  Supply Depot  
  51  4:08  Engineering Bay  
  50  4:12  Marine  
  50  4:14  Marine  
  50  4:15  Cyclone  
  50  4:17  Supply Depot  
  54  4:26  SCV x2  
  54  4:30  Marine  
  57  4:31  Marine  
  57  4:32  Viking  
  57  4:33  Missile Turret  
  57  4:34  Missile Turret  
  57  4:38  SCV  
  61  4:45  Supply Depot  
  61  4:48  Siege Tank, Marine  
  61  4:49  Marine  
  61  4:51  SCV  
  67  4:54  SCV  
  68  5:06  Banshee, Marine  
  72  5:07  Supply Depot, Marine  
  72  5:09  SCV  
  72  5:10  SCV  
  74  5:21  SCV  
  74  5:22  SCV  
  74  5:23  Marine  
  74  5:25  Siege Tank, Marine  
  81  5:34  SCV  
  81  5:35  SCV  
  83  5:39  Barracks  
  83  5:41  Marine, Barracks  
  84  5:43  Marine  
  84  5:46  SCV  
  84  5:47  SCV, Refinery  
  87  5:58  SCV  
  87  5:59  SCV, Marine  
  87  6:00  Marine  
  91  6:10  SCV  
  92  6:11  SCV  
  92  6:17  Marine  
  93  6:18  Marine  
  93  6:22  SCV  
  94  6:29  Command Center  
  94  6:30  SCV  
  95  6:36  Barracks Tech Lab  
  97  6:40  Starport Reactor, Barracks  
  97  6:41  Barracks  
Show
View Real Time Build Order
Export as new Build Order

Geralt Protoss 

Build Orders: 1 Gate Expand, Zealot Archon, Archon Drop, Dark Templar Rush 

Get SALT Encoding   

  12  0:00  Probe  
  13  0:12  Probe  
  14  0:17  Pylon  
  14  0:24  Probe (Chrono Boost)  
  15  0:36  Gateway, Probe (Chrono Boost)  
  16  0:43  Probe (Chrono Boost)  
  16  0:46  Assimilator  
  17  0:51  Probe  
  18  1:03  Probe  
  19  1:16  Probe  
  20  1:24  Cybernetics Core  
  20  1:28  Probe  
  21  1:35  Nexus  
  21  1:43  Pylon  
  21  1:45  Probe  
  22  1:52  Assimilator  
  22  1:57  Probe  
  22  1:59  Adept (Chrono Boost)  
  23  2:02  Warp Gate (Chrono Boost)  
  25  2:09  Probe  
  26  2:19  Adept (Chrono Boost)  
  26  2:21  Probe  
  29  2:27  Twilight Council  
  29  2:33  Probe  
  30  2:46  Adept, Probe  
  33  2:55  Probe  
  34  2:59  Robotics Facility  
  34  3:06  Gateway  
  34  3:07  Probe  
  35  3:15  Probe  
  35  3:19  Probe  
  35  3:23  Shield Battery  
  35  3:27  Probe, Dark Shrine  
  35  3:31  Probe  
  37  3:38  Gateway  
  37  3:39  Probe  
  38  3:43  Probe  
  38  3:47  Stalker  
  41  3:52  Probe  
  41  3:55  Probe  
  36  4:03  Warp Prism (Chrono Boost)  
  36  4:04  Probe  
  36  4:07  Probe  
  39  4:13  Assimilator  
  39  4:15  Assimilator  
  39  4:16  Probe  
  40  4:18  Pylon  
  40  4:19  Probe  
  41  4:28  Probe (Chrono Boost)  
  42  4:31  Probe (Chrono Boost)  
  43  4:40  Probe (Chrono Boost)  
  43  4:45  Probe (Chrono Boost)  
  45  4:47  Dark Templar x3  
  45  4:51  Probe (Chrono Boost)  
  45  4:52  Pylon  
  52  4:55  Forge  
  52  4:56  Probe  
  53  5:05  Probe  
  54  5:10  Probe  
  55  5:15  Pylon  
  55  5:27  Immortal  
  59  5:31  Gateway  
  59  5:32  Gateway, Archon  
  59  5:33  Dark Templar  
  59  5:34  Dark Templar  
  61  5:36  Pylon  
  61  5:40  Archon  
  61  5:42  Gateway  
  61  5:47  Stalker  
  63  5:53  Shield Battery  
  62  6:06  Zealot x2  
  66  6:11  Pylon  
  62  6:19  Probe  
  62  6:20  Zealot  
  51  6:28  Zealot x3  
  51  6:31  Probe  

Tags
 
Add a new tag
Caveats
  • Supply blocks, unpowered buildings, or Contaminate may cause inaccurate times.
  • Supply counts are checked every 10 seconds.